 Dungeon Crawl Stone Soup version 0.28.0-56-g4927b6849a (webtiles) character file.

Game seed: 12065204558069494067

81 Atelerd the Sneak (level 4, -20/27 HPs)
             Began as an Octopode Earth Elementalist on Jan 28, 2023.
             Demolished by an ogre
             ... wielding a +0 giant spiked club
              (30 damage)
             ... on level 3 of the Dungeon.
             The game lasted 00:03:16 (2901 turns).

Atelerd the Sneak (Octopode Earth Elementalist)     Turns: 2901, Time: 00:03:17

Health: -20/27     AC:  1    Str:  7    XL:     4   Next: 40%
Magic:  7/7        EV: 13    Int: 19    God:
Gold:   90         SH:  0    Dex: 12    Spells: 2/7 levels left

rFire   . . .      SeeInvis .   c - +0 dagger (venom)
rCold   . . .      Faith    .   (no shield)
rNeg    + . .      Spirit   .   (helmet restricted)
rPois   .          Reflect  .   (no amulet)
rElec   .          Harm     .   h - ring of positive energy
rCorr   .          Rampage  .   (no ring)
Will    .....                   (no ring)
Stlth   +++.......              (no ring)
HPRegen 0.09/turn               (no ring)
MPRegen 0.10/turn               (no ring)
                                (no ring)
                                (no ring)

@: no status effects
A: almost no armour, amphibious, 8 rings, camouflage 1, gelatinous body 1,
(nimble swimmer 1), tentacles
a: no special abilities


You were on level 3 of the Dungeon.
You visited 1 branch of the dungeon, and saw 4 of its levels.

You collected 196 gold pieces.
You spent 106 gold pieces at shops.

Inventory:

Hand Weapons
 a - a +0 dagger
 c - a +0 dagger of venom (weapon)
Missiles
 b - 65 stones
Jewellery
 h - a ring of positive energy (left tentacle)
 k - the ring of Paranoia {Slay+4 SInv}
   (You found it on level 3 of the Dungeon)

   [ring of slaying]

   Slay:      It affects your accuracy & damage with ranged weapons and melee
   (+4).
   SInv:      It lets you see invisible.
Wands
 s - a wand of flame (7)
Scrolls
 f - a scroll of torment {unknown}
 l - a scroll of teleportation {unknown}
 m - 2 scrolls of fog {unknown}
 q - a scroll of immolation {unknown}
Potions
 d - a potion of ambrosia {unknown}
 e - 2 potions of might {unknown}
 g - a potion of invisibility {unknown}
 i - a potion of attraction {unknown}
 j - a potion of berserk rage {unknown}
 n - a potion of flight
 o - a potion of heal wounds {unknown}
 p - a potion of curing
 r - a potion of mutation {unknown}


   Skills:
 + Level 2.4 Dodging
 + Level 3.5 Stealth
 + Level 2.4 Spellcasting
 * Level 2.4 Transmutations
 + Level 3.4 Earth Magic


You had 2 spell levels left.
You knew the following spells:

 Your Spells              Type           Power      Damage    Failure   Level
a - Sandblast             Erth           30%        2d9       4%          1
p - Petrify               Tmut/Erth      13%        N/A       43%         4

Your spell library contained the following spells:

 Spells                   Type           Power      Damage    Failure   Level
 Passwall                 Tmut/Erth      10%        N/A       8%          2
 Stone Arrow              Conj/Erth      16%        3d8       24%         3


Dungeon Overview and Level Annotations

Branches:
Dungeon (4/15)
 Temple: D:4-7

Altars:

Shops:
D:3 *


Innate Abilities, Weirdness & Mutations

You cannot wear most types of armour.
You are amphibious.
You can wear up to eight rings at the same time.
Your skin changes colour to match your surroundings (Stealth+).
Your rubbery body absorbs attacks. (AC +1, EV +1)
((You are camouflaged when in or above water. (Stealth+)))
You have tentacles for arms and can constrict up to eight enemies at once.


Message History

No target in view!
There is an open door here.
There is an open door here.
Found a stone staircase leading up.
There is a stone staircase leading up here.
s - a wand of flame (7)
There is a stone staircase leading down here.
Done exploring.
Done exploring.
Done exploring.
Done exploring.
(D) Dungeon
Where to? (Enter - D:3, ? - help)
What level of the Dungeon? (default 1, ? - help)
There is a stone staircase leading down here.
You climb downwards.
Found 22 stones and a ring mail.
There is a stone staircase leading up here.
There are monsters nearby!
There are monsters nearby!
The kobold throws a stone.
The stone misses you.
The helpless ogre fails to defend itself.
You puncture the ogre!
The ogre is moderately wounded.
The kobold throws a stone.
The stone completely misses you. The ogre barely misses you.
You hit the ogre.
You tentacle-slap the ogre, but do no damage.
The ogre is moderately wounded.
There is a stone staircase leading up here.
The ogre hits you with a +0 giant spiked club!!
Ouch! That really hurt!
* * * LOW HITPOINT WARNING * * *
You climb upwards.
There is a stone staircase leading down here.
There is an open door here.
There is an open door here.
The ogre hits you with a +0 giant spiked club!!
Ouch! That really hurt!
You die...

########### #........#
....#.....## #........#
...........## ###........#
............# #..<.......#
............# #.#........#
............### #.#........#
..............#####.###.###.##
............####.O..#######.#
............# ##@#####≈≈≈≈#.#
...........####..#####≈.≈.'.#
.....>..........##...'.≈.≈###
####..###..#######...#§≈≈§#
##..##..## #...######
#.<.##.## #.>.....# ##.#....#
#.......####
##.....###########..........##
#..###..................#.#..#


You could see an ogre.

Vanquished Creatures
  A gnoll (D:1)
  An adder (D:2)
  2 worms (D:3)
  3 dart slugs
  An orc (D:3)
  5 endoplasms (D:1)
  7 goblins
  5 hobgoblins
  4 jackals (D:1)
  2 kobolds (D:1)
  2 quokkas (D:2)
  3 ball pythons
  4 bats
  A frilled lizard (D:1)
  5 rats
46 creatures vanquished.

Notes
Turn   | Place    | Note
-------+----------+-------------------------------------------
     0 | D:1      | Atelerd the Octopode Earth Elementalist began the quest for
                  | the Orb.
     0 | D:1      | Reached XP level 1. HP: 11/11 MP: 3/3
   175 | D:1      | Reached XP level 2. HP: 17/17 MP: 1/5
   510 | D:1      | Reached XP level 3. HP: 21/21 MP: 3/6
  1679 | D:2      | Reached XP level 4. HP: 27/27 MP: 7/7
  1942 | D:2      | Learned a level 4 spell: Petrify
  2064 | D:3      | Identified the ring of Paranoia {Slay+4 SInv}
  2233 | D:3      | Found Dyploot's Assorted Antiques.
  2242 | D:3      | Bought a blue potion for 20 gold pieces
  2242 | D:3      | Bought a bubbling brown potion for 20 gold pieces
  2242 | D:3      | Bought a dark potion for 20 gold pieces
  2242 | D:3      | Bought a scroll labelled YSIMUDAORGH for 23 gold pieces
  2242 | D:3      | Bought a scroll labelled EPHOIT ZIORCH for 23 gold pieces
  2869 | D:4      | Noticed an ogre
  2901 | D:3      | Demolished by an ogre

Illustrated notes

Levels and vault maps discovered:
D:1:      eino_arrival_tree_alley, layout_basic
D:2:      layout_loops_ring, kennysheep_crisscross
D:3:      layout_rooms, serial_shops, nicolae_shop_overgrown_old_shop,
          minmay_misc_feat_five, kennysheep_generic_room_14
D:4:      layout_rooms, fedhas_altar_1, kennysheep_generic_room_11,
          uniq_menkaure

Skill      XL: |  1  2  3 |
---------------+----------+-----
Stealth        | 3 |  3.5
Transmutations | 2 |  2.4
Dodging        | |  2.4
Spellcasting   | |  2.4
Earth Magic    | |  3.4

Action                   |  1- 3 |  4- 6 || total
-------------------------+-------+-------++-------
Melee: Dagger            |    25 |    14 ||    39
       Tentacles         |     8 |     1 ||     9
       Constrict         |     5 |     4 ||     9
       Punch             |       |     1 ||     1
 Cast: Sandblast         |    21 |    16 ||    37
  Use: Scroll            |       |     2 ||     2
 Stab: Sleeping          |     9 |     4 ||    13
Armor: Skin              |       |     3 ||     3
Dodge: Dodged            |    12 |    13 ||    25
